 Dungeon Crawl Stone Soup version 0.30-a0-652-gcc886f7154 (webtiles) character file.

Game seed: 3905601411495591919

5956 Dittersdorf the Blocker (level 10, -18/66 HPs)
             Began as a Gargoyle Fighter on Jan 17, 2023.
             Was a High Priest of Okawaru.
             Demolished by a boulder beetle (24 damage)
             ... on level 9 of the Dungeon.
             The game lasted 00:13:29 (8243 turns).

Dittersdorf the Blocker (Gargoyle Fighter)          Turns: 8243, Time: 00:13:29

Health: -18/66     AC: 21    Str: 30    XL:     10   Next: 84%
Magic:  0/10       EV:  7    Int:  9    God:    Okawaru [*****.]
Gold:   501        SH:  6    Dex:  9    Spells: 9/9 levels left

rFire   . . .      SeeInvis .    a - +0 flail (venom)
rCold   . . .      Faith    .    c - +0 buckler
rNeg    + . .      Spirit   +    J - +0 plate armour
rPois   ∞          Reflect  .    (no helmet)
rElec   +          Harm     .    (no cloak)
rCorr   .          Rampage  .    (no gloves)
Will    +....                    (no boots) Stlth
                                 p - amulet of guardian spirit
HPRegen 0.31/turn                q - ring of willpower
MPRegen 0.12/turn                z - +6 ring of strength

@: no status effects
A: sickness immunity, AC +7, negative energy resistance 1, electricity
resistance, torment resistance 1, petrification resistance
a: Renounce Religion, Heroism, Finesse, Duel


You were on level 9 of the Dungeon.
You worshipped Okawaru.
Okawaru was extremely pleased with you.
You visited 2 branches of the dungeon, and saw 10 of its levels.

You collected 501 gold pieces.

Inventory:

Hand Weapons
 a - a +0 flail of venom (weapon)
 L - a +0 morningstar
Missiles
 w - a curare-tipped dart (quivered)
 C - a throwing net
Armour
 c - a +0 buckler (worn)
 J - a +0 plate armour (worn)
Jewellery
 p - an amulet of guardian spirit (around neck)
 q - a ring of willpower (left hand)
 z - a +6 ring of strength (right hand)
Wands
 n - a wand of iceblast (27)
 A - a wand of flame (28)
 H - a wand of digging (5)
 K - a wand of light (6)
Scrolls
 e - a scroll of enchant armour
 f - a scroll of brand weapon
 k - 2 scrolls of identify
 l - a scroll of noise {unknown}
 r - a scroll of magic mapping {unknown}
 s - 2 scrolls of teleportation {unknown}
 x - 2 scrolls of vulnerability {unknown}
 y - a scroll of immolation {unknown}
 B - a scroll of torment {unknown}
 D - 3 scrolls of fog
 E - a scroll of fear {unknown}
 F - 2 scrolls of poison {unknown}
 M - a scroll of silence {unknown}
Potions
 b - a potion of resistance {unknown}
 d - 2 potions of might
 g - a potion of experience {unknown}
 h - a potion of flight {unknown}
 i - 2 potions of curing
 j - a potion of invisibility {unknown}
 m - a potion of cancellation {unknown}
 o - a potion of berserk rage
 t - a potion of haste
 u - a potion of mutation
 v - a potion of brilliance
 G - a potion of heal wounds
 I - a potion of ambrosia {unknown}


   Skills:
 + Level 9.3 Fighting
 + Level 8.2 Maces & Flails
 + Level 9.4 Armour
 + Level 9.4 Shields


You had 9 spell levels left.
You didn't know any spells.
Your spell library contained the following spells:

 Spells                   Type           Power      Damage    Failure   Level
 Necrotise                Necr           0%         1d4       98%         1
 Vampiric Draining        Necr           0%         2d6       100%        3
 Agony                    Necr           0%         N/A       100%        5
 Eringya's Noxious Bog    Tmut/Pois      0%         N/A       100%        6
 Summon Ice Beast         Ice/Summ       Unusable   N/A       N/A         4
 Summon Forest            Summ/Tloc      Unusable   N/A       N/A         5
 Summon Mana Viper        Hex/Summ       Unusable   N/A       N/A         5
 Monstrous Menagerie      Summ           Unusable   N/A       N/A         7
 Summon Hydra             Summ           Unusable   N/A       N/A         7

Dungeon Overview and Level Annotations

Branches:
Dungeon (9/15)             Temple (1/1) D:4
   Lair: D:8-11         Orc: D:9-12

Altars:
Ashenzari
Cheibriados
Dithmenos
Elyvilon
Fedhas
Gozag
Hepliaklqana
Kikubaaqudgha
Makhleb
Nemelex Xobeh
Okawaru
Qazlal
Ru
Sif Muna
Trog
Uskayaw
Vehumet
Wu Jian
Xom
Yredelemnul
Zin
The Shining One

Shops:
D:3 *   D:4 :


Innate Abilities, Weirdness & Mutations

You are immune to sickness and miasma.
Your stone body is resilient. (AC +7)
You are immune to poison.
You resist negative energy. (rN+)
You are resistant to electric shocks. (rElec)
You are resistant to unholy torment.
You are immune to petrification.


Message History

A boulder beetle comes into view.
The deep elf pyromancer hits you with a +0 long sword.
You hit the deep elf pyromancer.
The deep elf pyromancer looks as sick as possible!
The deep elf pyromancer is severely wounded.
You are covered in liquid flames!
You are no longer on fire.
The centaur warrior shoots an arrow.
The arrow hits you!
The deep elf pyromancer hits you but does no damage.
The boulder beetle curls into a ball and begins rolling!
The deep elf pyromancer attacks as you move away!
The deep elf pyromancer hits you with a +0 long sword!
The deep elf pyromancer casts a spell.
The deep elf pyromancer blinks!
The deep elf pyromancer casts a spell.
The deep elf pyromancer blinks!
You kill the deep elf pyromancer!
Okawaru accepts your kill.
The centaur warrior shoots an arrow.
The arrow hits you!
* * * LOW HITPOINT WARNING * * *
The centaur warrior shoots an arrow.
You block the arrow.
Things that are here:
a +0 long sword; a +0 scale mail The boulder beetle hits you.
* * * LOW HITPOINT WARNING * * *
The boulder beetle stops rolling and uncurls.
The boulder beetle attacks as you move away!
The boulder beetle closely misses you.
The boulder beetle leaps!
The boulder beetle curls into a ball and begins rolling!
The boulder beetle hits you.
* * * LOW HITPOINT WARNING * * *
The boulder beetle stops rolling and uncurls.
The boulder beetle attacks as you move away!
The boulder beetle closely misses you.
The boulder beetle curls into a ball and begins rolling!
The centaur warrior shoots an arrow.
The arrow hits you!
* * * LOW HITPOINT WARNING * * *
The boulder beetle attacks as you move away!
The boulder beetle hits you!!
You die...

########........## ### #..
##................# ##.# #>.
##......(..........# ##..#####..
#..................####.......###
#..................##...#####....
#...........................#####
#..................#..........###
#..................c.............
##............##@B°T...........)[
##<†........###.#.#.######......
#####.###### #.#.#.# ##.##.. #)#
#..>#.# #.#### #)## ##....# #.)#
# #.)# ####.# ##c# ##.#
#....#####.### #.# ...........).#
#.. ...####...#


You could see a boulder beetle (rolling), a centaur warrior and a troll.

Vanquished Creatures
  Erica (D:8)
  A two-headed ogre (D:9)
  Pikel (D:8)
  A deep elf pyromancer (D:9)
  Prince Ribbit (D:7)
  A shadow (D:9)
  5 yaks (D:7)
  2 steam dragons
  Menkaure (D:6)
  2 water moccasins
  2 ice beasts (D:7)
  A sky beast (D:8)
  2 ogres
  A centaur (D:5)
  A kobold brigand (D:7)
  4 lemures
  A bullfrog (D:7)
  A gnoll sergeant (D:9)
  A necrophage (D:6)
  Blork the orc (D:4)
  4 scorpions
  4 wights (D:8)
  6 killer bees
  2 howler monkeys (D:6)
  A jelly (D:4)
  2 hounds
  2 orc priests
  An orc wizard (D:3)
  7 iguanas
  6 adders
  11 gnolls
  A shadow imp (D:5)
  A white imp (D:5)
  An ufetubus (D:6)
  4 worms (D:2)
  3 dart slugs
  9 orcs
  7 endoplasms
  4 giant cockroaches
  10 goblins
  5 hobgoblins
  A jackal (D:2)
  3 quokkas
  3 ball pythons
  5 bats
  5 frilled lizards
  14 kobolds
  5 rats
158 creatures vanquished.

Vanquished Creatures (others)
  2 plants (D:1)
2 creatures vanquished.

Grand Total: 160 creatures vanquished

Notes
Turn   | Place    | Note
-------+----------+-------------------------------------------
     0 | D:1      | Dittersdorf the Gargoyle Fighter began the quest for the
                  | Orb.
     0 | D:1      | Reached XP level 1. HP: 14/14 MP: 1/1
   242 | D:1      | Reached XP level 2. HP: 19/19 MP: 2/2
   648 | D:1      | Found a faded altar of an unknown god.
   953 | D:1      | Reached XP level 3. HP: 23/23 MP: 3/3
  1337 | D:1      | Reached XP level 4. HP: 23/29 MP: 4/4
  2213 | D:2      | Reached XP level 5. HP: 33/33 MP: 3/5
  2299 | D:3      | Found Zomol's General Store.
  2681 | D:3      | Found a glowing silver altar of Zin.
  3134 | D:4      | Found Uhuvavui's Tremendous Tomes.
  3134 | D:4      | Noticed Blork the orc
  3143 | D:4      | Killed Blork the orc
  3144 | D:4      | Reached XP level 6. HP: 19/39 MP: 2/6
  3262 | D:4      | Found a sparkling altar of Nemelex Xobeh.
  3262 | D:4      | Found a hazy altar of Hepliaklqana.
  3289 | D:4      | Found a staircase to the Ecumenical Temple.
  3301 | Temple   | Entered the Ecumenical Temple
  3311 | Temple   | Became a worshipper of Warmaster Okawaru
  3462 | D:4      | Found a shimmering altar of Xom.
  3472 | D:4      | Reached skill level 5 in Shields
  3858 | D:5      | Entered Level 5 of the Dungeon
  4033 | D:5      | Reached skill level 5 in Armour
  4048 | D:5      | Reached skill level 5 in Fighting
  4048 | D:5      | Reached XP level 7. HP: 29/44 MP: 3/7
  4692 | D:5      | Reached * piety under Okawaru
  5016 | D:5      | Reached XP level 8. HP: 51/51 MP: 8/8
  5643 | D:6      | Reached skill level 5 in Maces & Flails
  5721 | D:6      | Noticed Menkaure
  5729 | D:6      | Killed Menkaure
  5742 | D:6      | Reached ** piety under Okawaru
  6495 | D:7      | Reached XP level 9. HP: 56/56 MP: 9/9
  6721 | D:7      | Reached *** piety under Okawaru
  7004 | D:8      | Noticed Erica
  7019 | D:8      | Killed Erica
  7019 | D:8      | Reached **** piety under Okawaru
  7020 | D:8      | Reached XP level 10. HP: 48/64 MP: 6/10
  7154 | D:8      | Noticed Prince Ribbit
  7155 | D:8      | Noticed Pikel
  7278 | D:7      | Killed Prince Ribbit
  7330 | D:8      | Killed Pikel
  7359 | D:8      | Found a shadowy altar of Dithmenos.
  7600 | D:8      | Reached ***** piety under Okawaru
  8188 | D:9      | Noticed a two-headed ogre
  8195 | D:9      | Killed a two-headed ogre
  8214 | D:9      | Noticed a deep elf pyromancer
  8214 | D:9      | Noticed a centaur warrior
  8219 | D:9      | Noticed a boulder beetle
  8223 | D:9      | Killed a deep elf pyromancer
  8243 | D:9      | Demolished by a boulder beetle

Illustrated notes

Levels and vault maps discovered:
D:1:      kilobyte_arrival_exit_the_forest, layout_basic, serial_forest,
          infiniplex_forest_lined_3, infiniplex_forest_lined_4_way,
          infiniplex_forest_zigzag_1, infiniplex_forest_clump_double,
          dreamdust_ecumenical_altar_statues
D:2:      layout_loops_cross, minmay_increasing_density
D:3:      layout_loops_cross, zin_treasury, serial_shops, shop
D:4:      layout_loops_ring, mainiacjoe_overflow_chevrons,
          gammafunk_temple_overflow_elements, temple_fountains,
          nicolae_shop_i_like_big_books, uniq_blork_the_orc
D:5:      layout_basic, serial_co_window_serial, co_window_of_opportunity_a,
          co_window_of_opportunity_a, co_window_corner_a, co_window_paths_b,
          co_window_corner_a, co_window_paths_b, co_window_corner_b,
          co_window_cross_3, co_window_broadway_a, co_window_4corner_a,
          co_window_paths_d, glass_columns_a, glass_columns_a, glass_columns_c,
          glass_columns_a, glass_columns_a
D:6:      layout_cave_pods, uniq_menkaure
D:7:      layout_rooms
D:8:      layout_basic, nicolae_dithmenos_shadow_blocks, lair_entry_dummy,
          uniq_erica, uniq_pikel, uniq_prince_ribbit1
D:9:      layout_rooms, minmay_evil_grid
Temple:   sentei_temple_godly_chess

Skill      XL: |  1  2  3  4  5  6  7  8  9 10 |
---------------+-------------------------------+-----
Shields        | 4 5 7 8 9 |  9.4
Armour         | 4 5 7 8 9 |  9.4
Fighting       | 4 5 6 8 9 |  9.3
Maces & Flails | 3 4 5 7 8 |  8.2

Action                   |  1- 3 |  4- 6 |  7- 9 | 10-12 || total
-------------------------+-------+-------+-------+-------++-------
Melee: Flail             |   100 |   296 |   241 |   161 ||   798
Throw: Dart              |       |     1 |     4 |     2 ||     7
Invok: Heroism           |       |       |     2 |     1 ||     3
  Use: Scroll            |       |     4 |     7 |     1 ||    12
Armor: Scale mail        |    51 |   181 |    99 |       ||   331
       Plate armour      |       |       |    28 |   149 ||   177
Dodge: Dodged            |    50 |   129 |   109 |    75 ||   363
Block: Buckler           |    25 |    55 |    69 |    55 ||   204

Table legend: (Time is in decaauts)
 A = Elapsed time spent in this place.
 B = Non-inter-level travel time spent in this place.
 C = Inter-level travel time spent in this place.
 D = Time resting spent in this place.
 E = Time spent auto-exploring this place.
 F = Levels seen in this place.
 G = Mean time per level.
                   A        B        C        D        E       F      G
               +--------+--------+--------+--------+--------+-----+--------+
         Total |   8422 |   8181 |    241 |   1306 |   4956 |  10 |  842.2 |
       Dungeon |   8408 |   8167 |    241 |   1306 |   4954 |   9 |  934.2 |
        Temple |     13 |     13 |      0 |      0 |      2 |   1 |   13.0 |
               +--------+--------+--------+--------+--------+-----+--------+

Top non-repeatable levels by time:
     D:5: 1500 daAuts
     D:1: 1296 daAuts
     D:2: 1005 daAuts
     D:4: 997 daAuts
     D:8: 845 daAuts
     D:3: 829 daAuts
     D:6: 786 daAuts
     D:7: 760 daAuts
     D:9: 386 daAuts
  Temple: 13 daAuts
